 Dungeon Crawl Stone Soup version 0.25-a0-528-g6b7c99946c (webtiles) character file.

Game seed: 1691874360256289901, levelgen mode: classic

960 EnegeticOcto the Chopper (level 7, -2/67 HPs)
             Began as a Deep Dwarf Fighter on Feb 19, 2020.
             Was an Initiate of Makhleb.
             Slain by Pikel
             ... wielding a +2 whip of electrocution
              (5 damage)
             ... on level 6 of the Dungeon.
             The game lasted 00:02:01 (2269 turns).

EnegeticOcto the Chopper (Deep Dwarf Fighter)       Turns: 2269, Time: 00:02:02

Health: -2/67      AC:  9    Str: 22    XL:     7   Next: 92%
Magic:  7/7        EV:  9    Int:  8    God:    Makhleb [......]
Gold:   152        SH: 10    Dex: 12    Spells: 6/6 levels left

rFire    . . .     SeeInvis .   a - +1 war axe
rCold    . . .     Gourm    .   c - +0 kite shield
rNeg     . . .     Faith    .   b - +0 scale mail
rPois    .         Spirit   .   r - +1 helmet
rElec    .         Reflect  .   (no cloak)
rCorr    .         Harm     .   (no gloves)
MR       +....                  (no boots)
Stlth    ..........             (no amulet)
HPRegen  0.00/turn              (no ring)
MPRegen  0.10/turn              (no ring)

@: non-regenerating
A: damage resistance, heal wounds, sense surroundings 1, no regeneration
a: Heal Wounds, Renounce Religion


You were on level 6 of the Dungeon.
You worshipped Makhleb.
Makhleb was noncommittal.
You were not hungry.

You visited 1 branch of the dungeon, and saw 6 of its levels.

You collected 152 gold pieces.

Inventory:

Hand Weapons
 a - a +1 war axe (weapon)
Armour
 b - a +0 scale mail (worn)
 c - a +0 kite shield (worn)
 r - a +1 helmet (worn)
Jewellery
 h - an uncursed ring of see invisible {unknown}
Wands
 f - a wand of polymorph (6)
Scrolls
 d - 2 scrolls of identify {@r1}
 g - a scroll of fear
 s - 3 scrolls of fog
Potions
 i - a potion of magic
 j - a potion of stabbing {@q5}
 k - a potion of might {@q3}
 n - a potion of haste {@q4}
 o - a potion of flight
 p - 2 potions of mutation
Comestibles
 e - 3 rations
 t - a chunk of flesh


   Skills:
 * Level 5.1 Fighting
 * Level 5.5 Axes
 + Level 4.9 Armour
 + Level 3.3 Dodging
 + Level 4.9 Shields
 + Level 2.1 Invocations


You had 6 spell levels left.
You didn't know any spells.
Your spell library was empty.

Dungeon Overview and Level Annotations

Branches:
Dungeon (6/15)             Temple (0/1) D:6

Altars:
Fedhas
Makhleb
Qazlal
Sif Muna
Uskayaw
Wu Jian
Yredelemnul

Annotations:
D:5 2 runed translucent doors
D:6 Pikel


Innate Abilities, Weirdness & Mutations

You are resistant to damage.
You can heal yourself by infusing magical energy.
You passively map a small area around you.
You do not regenerate.


Message History

The slave is moderately wounded.
The slave closely misses you.
You slash the slave!
The slave is severely wounded.
You block the slave's attack. x2
You feel much better.
You are feeling hungry.
The slave hits you.
You miss the slave.
The slave is severely wounded.
The slave hits you.
You barely miss the slave.
The slave is severely wounded.
You block the slave's attack.
You barely miss the slave.
The slave is severely wounded.
The slave hits you but does no damage. x2
You slash the slave!
You kill the slave!
That felt strangely unrewarding.
You slice the slave!!
The slave is severely wounded.
The slave hits you.
You hit the slave.
The slave is severely wounded.
The slave hits you but does no damage. The slave hits you.
You hit the slave.
The slave is almost dead.
The slave hits you but does no damage.
You hit the slave.
You kill the slave!
That felt strangely unrewarding.
No target in view!
No target in view!
No target in view!
No target in view!
No target in view!
No target in view!
No target in view!
Eating one of 2 chunks of flesh.
You eat one of the 2 chunks of flesh.
This raw flesh tastes terrible.
A slave comes into view.
The slave shouts!
You hear a shout!
A slave is nearby!
A slave is nearby!
A slave is nearby!
A slave is nearby!
A slave is nearby!
A slave is nearby!
Pikel the Slaver comes into view.
He is wielding a +2 whip of electrocution and carrying a wand of flame (28).
You hit the slave.
The slave is lightly wounded.
The slave hits you but does no damage.
You hit the slave.
The slave is moderately wounded.
The slave barely misses you.
You hit the slave.
The slave is moderately wounded.
The slave misses you.
You hit the slave.
The slave is moderately wounded.
You barely miss Pikel. The slave barely misses you.
Pikel completely misses you. The slave barely misses you.
Your shield and scale mail prevent you from hitting the slave.
The slave is moderately wounded.
You closely miss Pikel.
Pikel hits you with a +2 whip of electrocution!
The slave hits you.
Pikel hits you with a +2 whip of electrocution!
You are electrocuted!
You closely miss the slave.
The slave is moderately wounded.
You hit Pikel but do no damage. You block the slave's attack.
You block Pikel's attack.
You hit the slave but do no damage.
The slave is moderately wounded.
You hit Pikel. You block the slave's attack. You block Pikel's attack.
The slave hits you.
You barely miss the slave.
The slave is moderately wounded.
Your shield prevents you from hitting Pikel.
You block Pikel's attack. The slave hits you but does no damage.
You slash the slave!
The slave is severely wounded.
You barely miss Pikel. Pikel hits you but does no damage.
You are electrocuted!!
You block the slave's attack.
Pikel hits you with a +2 whip of electrocution.
You are electrocuted!!
* * * LOW HITPOINT WARNING * * *
You are too injured to fight recklessly!
You are too injured to fight recklessly!
You are too injured to fight recklessly!
You are too injured to fight recklessly!
You are too injured to fight recklessly!
You are too injured to fight recklessly!
You are too injured to fight recklessly!
You are too injured to fight recklessly!
You fail to use your ability.
You block the slave's attack.
Pikel hits you with a +2 whip of electrocution.
You die...

#.......# #.#####.#
#.#.....#
#.#.#######
#.#.#####..
########.#.>...'..
###........#..####..
#...########..# #..
#..@# #..# #.. #.Kp#
#..#**#.. ###'# #...
+.. ...,* #..####..
..., * #........
#...., #.## ####
#.... ....##< #.....
........ ......≈≈


You could see Pikel and a slave.

Vanquished Creatures
  2 ice beasts (D:6)
  3 slaves (D:6)
  2 ogres
  2 bullfrogs (D:6)
  2 scorpions (D:5)
  A crimson imp (D:5)
  An orc priest (D:5)
  A hound (D:4)
  2 orc wizards (D:5)
  A centaur skeleton (D:6)
  An iguana (D:5)
  3 worker ants
  A worker ant zombie (D:5)
  4 gnolls (D:3)
  2 adders
  2 worms
  A dart slug (D:2)
  A leopard gecko (D:2)
  3 orcs
  2 giant cockroaches
  4 goblins
  4 jackals
  A quokka (D:3)
  2 bats
  2 frilled lizards
  3 kobolds
  3 rats
56 creatures vanquished.

Notes
Turn   | Place    | Note
-------+----------+-------------------------------------------
     0 | D:1      | EnegeticOcto the Deep Dwarf Fighter began the quest for the
                  | Orb.
     0 | D:1      | Reached XP level 1. HP: 20/20 MP: 1/1
    27 | D:2      | Found a shimmering blue altar of Sif Muna.
    34 | D:2      | Reached XP level 2. HP: 25/27 MP: 2/2
    67 | D:2      | Found a stormy altar of Qazlal.
    68 | D:2      | You fall into a shaft and drop 2 floors!
   111 | D:4      | Noticed an ogre
   129 | D:4      | Killed an ogre
   129 | D:4      | Reached skill level 1 in Dodging
   129 | D:4      | Reached XP level 3. HP: 34/34 MP: 3/3
   129 | D:4      | Reached XP level 4. HP: 42/42 MP: 4/4
   570 | D:3      | You fall into a shaft and drop 2 floors!
   570 | D:5      | Entered Level 5 of the Dungeon
   587 | D:5      | Reached XP level 5. HP: 41/50 MP: 5/5
   794 | D:5      | Reached XP level 6. HP: 30/57 MP: 6/6
   806 | D:5      | Found an ornate altar of the Wu Jian Council.
   883 | D:5      | Found a blossoming altar of Fedhas.
  1033 | D:5      | Found a runed translucent door.
  1034 | D:5      | Found a runed translucent door.
  1253 | D:5      | Found a burning altar of Makhleb.
  1352 | D:5      | Reached XP level 7. HP: 29/66 MP: 6/6
  1397 | D:5      | Became a worshipper of Makhleb the Destroyer
  1741 | D:2      | You fall into a shaft and drop 2 floors!
  1926 | D:6      | Found a staircase to the Ecumenical Temple.
  1936 | D:6      | Reached skill level 5 in Axes
  1970 | D:6      | Reached skill level 1 in Invocations
  2060 | D:6      | Reached skill level 5 in Fighting
  2086 | D:6      | Found a hide-covered altar of Uskayaw.
  2086 | D:6      | Found a basalt altar of Yredelemnul.
  2258 | D:6      | Noticed Pikel
  2268 | D:6      | HP: 3/67 [Pikel/+2 whip of electrocution (18)]
  2269 | D:6      | Slain by Pikel

Levels and vault maps discovered:
D:1:      dpeg_arrival_water_altar, layout_rooms
D:2:      layout_basic, overflow_temple_1_default, lemuel_round_altar,
          lemuel_round_altar, first_ration, kennysheep_generic_room_3
D:3:      kennysheep_big_flooded_room, layout_loops_ring, old_standard_altar,
          lemuel_crystal_altar
D:4:      layout_basic
D:5:      lemuel_insect_pit, layout_basic, lemuel_doored_altar,
          overflow_temple_1_default, kennysheep_mini_moat,
          minmay_misc_feat_cross
D:6:      layout_basic, gammafunk_temple_overflow_statue, temple_pool_b,
          uniq_pikel

Skill      XL: |  1  2  3  4  5  6  7 |
---------------+----------------------+-----
Fighting       | 3 4 5 |  5.1
Axes           | 3 4 5 |  5.5
Dodging        | 1 2 3 |  3.3
Shields        | 4 |  4.9
Armour         | 4 |  4.9
Invocations    | 2 |  2.1

Action                   |  1- 3 |  4- 6 |  7- 9 || total
-------------------------+-------+-------+-------++-------
Melee: War axe           |    28 |   109 |   137 ||   274
 Abil: Heal Wounds       |     2 |     4 |     5 ||    11
  Use: Scroll            |       |       |    11 ||    11
  Eat: Chunk             |       |       |     2 ||     2
       Ration            |       |       |     1 ||     1
Armor: Scale mail        |    10 |    41 |    81 ||   132
Dodge: Dodged            |    10 |    31 |    56 ||    97
Block: Kite shield       |    17 |    57 |    95 ||   169

Table legend:
 A = Non-vault XP
 B = Vault XP
 C = Vault XP percentage of total XP
 D = Non-vault monster count
 E = Vault monster count
 F = Vault count percentage of total count
                 A         B        C        D         E       F
            +---------+---------+-------+---------+---------+-------
      Total |    1370 |       2 |   0.1 |      52 |       1 |   1.9
            +---------+---------+-------+---------+---------+-------
        D:1 |       1 |       0 |   0.0 |       1 |       0 |   0.0
        D:2 |      32 |       0 |   0.0 |      11 |       0 |   0.0
        D:3 |      71 |       2 |   2.7 |      11 |       1 |   8.3
        D:4 |     171 |       0 |   0.0 |       5 |       0 |   0.0
        D:5 |     574 |       0 |   0.0 |      17 |       0 |   0.0
        D:6 |     521 |       0 |   0.0 |       7 |       0 |   0.0
            +---------+---------+-------+---------+---------+-------
